 Dungeon Crawl Stone Soup version 0.18-a0-1507-g69458e0 (webtiles) character file.

19522 GrosslyIncandescent the Martial Artist (level 12, 0/97 HPs)
             Began as a Mummy Monk on Mar 5, 2016.
             Slain by a spiny frog (19 damage)
             ... on level 2 of the Lair of Beasts.
             The game lasted 01:07:00 (28716 turns).

GrosslyIncandescent the Martial Artist (MuMo)      Turns: 28716, Time: 01:07:01

Health: 0/97       AC:  9    Str: 14    XL:     12   Next: 37%
Magic:  12/12      EV: 17    Int: 10    God:
Gold:   897        SH: 12    Dex: 19    Spells: 0 memorised, 11 levels left

rFire  x . .     SeeInvis .       - Unarmed
rCold  + . .     Gourm    .     (no armour)
rNeg   + + +     Faith    .     F - +0 shield
rPois  ∞         Spirit   .     (no helmet)
rElec  .         Dismiss  .     j - +2 cloak {Pozzo's Cloak}
rCorr  .         Reflect  .     k - +2 pair of gloves
SustAt .         Harm     .     d - +2 pair of boots {Estragon's Boots}
MR     +....                    (no amulet)
Stlth  ++++......               t - ring of stealth
                                p - ring of stealth

@: about to teleport, somewhat resistant to hostile enchantments, stealthy
A: no food or potions, fire vulnerability, cold resistance 1, negative energy
resistance 3, torment resistance, unbreathing
a: no special abilities


You were on level 2 of the Lair of Beasts.
You were not hungry.

You visited 3 branches of the dungeon, and saw 14 of its levels.
You also visited: Labyrinth, Ossuary and Bailey.

You collected 897 gold pieces.


Innate Abilities, Weirdness & Mutations

You do not eat or drink.
Your flesh is vulnerable to fire.
You are immune to poison.
Your flesh is cold resistant.
You are immune to negative energy.
You are immune to unholy pain and torment.
You can survive without breathing.


   Skills:
 - Level 10.0 Fighting
 - Level 8.0 Dodging
 - Level 1.5 Stealth
 + Level 9.9 Shields
 - Level 10.0 Unarmed Combat


You had 11 spell levels left.
You didn't know any spells.

Inventory:

Hand Weapons
 h - a +0 whip {Up, pig!}
 u - a +1 dagger of venom {Dowan's prick}
Armour
 d - a +2 pair of boots (worn) {Estragon's Boots}
 j - a +2 cloak (worn) {Pozzo's Cloak}
 k - a +2 pair of gloves (worn)
 C - a +1 naga barding
 F - a +0 shield (worn)
Jewellery
 g - a cursed amulet of inaccuracy {unknown}
 p - a ring of stealth (left hand)
 s - a +1 ring of evasion
 t - a ring of stealth (right hand)
 w - an uncursed amulet of regeneration {unknown}
 G - an uncursed amulet of rage {unknown}
 I - a +2 ring of evasion
Scrolls
 a - 4 scrolls of blinking
 b - a scroll of holy word {!r}
 c - 4 scrolls of remove curse
 e - 2 scrolls of teleportation {@r4}
 f - a scroll of fog
 i - 2 scrolls of noise {!r}
 l - 6 scrolls of immolation {!r}
 q - a scroll of recharging
 r - a scroll of summoning {unknown}
 v - 3 scrolls of random uselessness
 z - a scroll of torment
 A - a scroll of enchant armour
 B - 2 scrolls of amnesia
 D - 2 scrolls of identify {@r1}
 E - 3 scrolls of enchant weapon
Comestibles
 m - 5 meat rations (quivered)
 n - 7 bread rations
 o - 5 beef jerkies
 x - a slice of pizza
 J - 10 fruits

Dungeon Overview and Level Annotations

Branches:
Dungeon (10/15)            Temple (1/1) D:4            Lair (3/8) D:10
    Orc (0/2) D:9
  Swamp: Lair:3-6    Shoals: Lair:3-6     Snake: Lair:3-6    Spider: Lair:3-6

Altars:
Ashenzari
Cheibriados
Dithmenos
Elyvilon
Fedhas
Gozag
Kikubaaqudgha
Makhleb
Nemelex Xobeh
Okawaru
Pakellas
Qazlal
Ru
Sif Muna
Trog
Vehumet
Xom
Yredelemnul
Zin
The Shining One

Shops:
D:7 :

Annotations:
D:3 Altar of dith free fog
D:4 exclusion: 2 downstairs
D:5 !Duvessa ran out of juice, exclusions: adder and centaur, Duvessa
D:6 exclusion: 2 orc wizards
D:7 exclusion: downstairs
D:8 !hill giant
D:9 !8 heads, exclusion: troll
D:10 exclusion: hill giant
Lair:1 !Wanderhydra 5 SE
Lair:2 exclusion: 3 blink frogs
Lair:3 exclusions: boulder beetle, door, jumping spider, soldier ant and 3 worker ants

▒▒▒ ▒..........▒...P.....
▒..............!....(
▒....................
▒▒......▒............
▒......▒..▒f...▒....
▒▒...▒▒....▒P..▒.....
▒▒▒▒▒▒......▒...▒▒...▒....
▒▒▒▒▒..▒...P.........▒..▒▒....
▒..P▒........MF......P..▒.....
▒.............Y........(.....
▒▒............P▒....▒▒........
▒▒.....▒▒▒▒r▒..▒▒....▒▒▒..▒.▒.▒
▒.....▒.▒P...▒..▒Y▒▒P▒ ▒▒▒▒.▒▒▒
▒▒.................▒▒▒ ▒...▒▒
▒...................▒▒ ▒▒..▒
▒▒...................▒▒▒▒▒▒.▒▒▒
▒▒................Y....P▒▒..▒ ▒


You could see a yak, a spiny frog and a porcupine (wandering).


Message History

* * * don't die
* * * The wolf misses you!
You barely miss the wolf!
The wolf is lightly wounded!
The wolf closely misses you! You block the iguana's attack!
You beat the wolf into a bloody pulp!!!
The wolf is heavily wounded!
You block the wolf's attack! The iguana bites you! * * * don't die
* * * The wolf misses you!
You barely miss the wolf!
The wolf is heavily wounded!
The wolf misses you! The iguana bites you! * * * don't die
* * * Read which item? (? for menu, Esc to quit)
Blink to where?
You are very lightly contaminated with residual magic!
As you read the scroll of blinking, it crumbles to dust!
The spiny frog croaks!
Your magical contamination has completely faded away!
The yak bellows!!!
There is an escape hatch in the ceiling here!
Warning, next level annotated: !!.Wanderhydra 5 SE Enter next level anyway?
Okay, then!
Read which item? (? for menu, Esc to quit)
As you read the scroll of teleportation {@r4}, it crumbles to dust!
You feel strangely unstable! You block the spiny frog's attack!
The spiny frog stings you!!!!!! rip

Action                   |  1- 3 |  4- 6 |  7- 9 | 10-12 || total
-------------------------+-------+-------+-------+-------++-------
Melee: Unarmed           |   153 |   401 |   923 |  1530 ||  3007
  Use: Scroll            |       |       |    13 |     8 ||    21
 Stab: Sleeping          |     4 |     6 |     8 |     9 ||    27
       Distracted        |       |       |     7 |     1 ||     8
       Held in net/web   |       |       |     2 |       ||     2

Vault maps used:
D:1:      roderic_chinese_lattice_arrival
D:2:      tgw_xom, minmay_splitting_lines, guppyfry_early_orc_mine
D:3:      tso_altar, kennysheep_pointless_box, grunt_dithmenos_smoke_and_mirrors
D:4:      grunt_temple_overflow_magic_moments, old_standard_altar,
          temple_fountains, first_bread, minmay_misc_feat_iff,
          grunt_decor_one_mirror, minmay_crossroads
D:5:      lemuel_crystal_altar, marbit_many_paths, uniq_duvessa
D:6:      lemuel_crystal_altar, enter_ossuary_3, led_sif_book
D:7:      kennysheep_little_box, serial_shops, nicolae_shop_statue_plus
D:8:      minitemple, okawaru_trees_2, basic_altar, enter_bailey_3
D:9:      ashenzari_conservatory_becter, orc_0_dummy, hangedman_fish_farm,
          evilmike_minifort
D:10:     lair_0_dummy, serial_shops, shop, roderic_nine_men_s_morris
Temple:   hc_temple_tempest_star_small
Lair:1:   minivault_25, nicolae_quartered_pool_super
Lair:2:   forest_paths
Lair:3:   elwin_shoals_entry_rooms, nicolae_spider_entry_tight_spaces,
          lab_entry_generic, minmay_another_anthill, lemuel_fruit_tree
Lab:      labyrinth_hidden_loot, nicolae_lab_t_cross
Ossuary:  ossuary_the_hunt_dpeg
Bailey:   bailey_polearm_3, bailey

Notes
Turn   | Place    | Note
--------------------------------------------------------------
     0 | D:1      | GrosslyIncandescent the Mummy Monk began the quest for the Orb.
     0 | D:1      | Reached XP level 1. HP: 18/18 MP: 1/1
   498 | D:1      | Reached XP level 2. HP: 16/24 MP: 2/2
   565 | D:1      | will night NEVER COME
   951 | D:2      | Reached skill level 4 in Unarmed Combat
  1124 | D:2      | Reached XP level 3. HP: 6/29 MP: 3/3
  2025 | D:2      | Reached XP level 4. HP: 19/35 MP: 4/4
  2646 | D:2      | Reached skill level 5 in Unarmed Combat
  3200 | D:2      | Reached XP level 5. HP: 28/41 MP: 5/5
  3873 | D:2      | Reached skill level 4 in Fighting
  3878 | D:2      | Found a shimmering altar of Xom.
  4299 | D:3      | Found a shadowy altar of Dithmenos.
  4778 | D:3      | Reached XP level 6. HP: 38/50 MP: 6/6
  4810 | D:3      | Reached skill level 5 in Fighting
  5051 | D:3      | Found a glowing golden altar of the Shining One.
  5489 | D:4      | Found a white marble altar of Elyvilon.
  5609 | D:4      | Found a staircase to the Ecumenical Temple.
  5762 | D:4      | Reached skill level 3 in Dodging
  5803 | D:4      | Found an ancient bone altar of Kikubaaqudgha.
  5833 | D:4      | Found a radiant altar of Vehumet.
  5845 | D:4      | Identified Vehumet's Almanac of Attacks (You found it on level 4 of the Dungeon)
  5849 | D:4      | Found a deep blue altar of Sif Muna.
  5914 | Temple   | Entered the Ecumenical Temple
  6371 | D:5      | Entered Level 5 of the Dungeon
  6775 | D:5      | Reached skill level 4 in Dodging
  6775 | D:5      | Reached XP level 7. HP: 56/56 MP: 7/7
  6792 | D:5      | Found a shadowy altar of Dithmenos.
  6863 | D:5      | Noticed Duvessa
  6866 | D:5      | Noticed Dowan
  7598 | D:5      | Reached skill level 5 in Dodging
  7856 | D:5      | Found a blossoming altar of Fedhas.
  8219 | D:5      | Killed Dowan
  8622 | D:5      | Reached skill level 6 in Unarmed Combat
  8622 | D:5      | Reached XP level 8. HP: 35/62 MP: 8/8
  9389 | D:6      | Found a sand-covered staircase.
  9399 | D:6      | Reached skill level 7 in Unarmed Combat
  9440 | Ossuary  | Entered an ossuary
  9998 | D:6      | Found an opulent altar of Gozag.
 10202 | D:6      | Reached skill level 8 in Unarmed Combat
 10502 | D:6      | Found a deep blue altar of Sif Muna.
 10770 | D:6      | Reached skill level 6 in Fighting
 10969 | D:7      | Reached XP level 9. HP: 57/71 MP: 9/9
 11741 | D:6      | Reached skill level 7 in Fighting
 11826 | D:7      | Found Gupos's Book Emporium.
 12153 | D:8      | Found a flagged portal.
 12182 | Bailey   | Entered a bailey
 12189 | Bailey   | Noticed a deep elf mage
 12191 | Bailey   | I have made a huge mistake
 12215 | D:7      | Found a glowing silver altar of Zin.
 12504 | D:7      | Reached skill level 8 in Fighting
 12544 | D:7      | Noticed a hill giant
 13278 | D:7      | Reached skill level 6 in Dodging
 13587 | D:8      | Found an iron altar of Okawaru.
 13875 | D:8      | Found an iron altar of Okawaru.
 14060 | D:8      | Reached skill level 7 in Dodging
 14915 | D:7      | Reached XP level 10. HP: 71/80 MP: 10/10
 15235 | D:7      | Reached skill level 8 in Dodging
 15618 | D:8      | Found a basalt altar of Yredelemnul.
 15625 | D:8      | Found a stormy altar of Qazlal.
 15645 | D:8      | Reached skill level 1 in Shields
 15726 | D:8      | Reached skill level 2 in Shields
 16021 | D:9      | IN SPITE OF THE TENNIS
 16313 | D:9      | Reached skill level 3 in Shields
 16619 | D:9      | Reached skill level 4 in Shields
 17105 | D:9      | Noticed a hill giant
 17219 | D:9      | Reached skill level 5 in Shields
 17262 | D:9      | Noticed an eight-headed hydra
 17408 | D:9      | Found a staircase to the Orcish Mines.
 17412 | D:9      | Found a shattered altar of Ashenzari.
 17497 | D:9      | HP: 7/80 [killer bee (5)]
 17499 | D:9      | HP: 3/80 [killer bee (3)]
 18098 | D:10     | Entered Level 10 of the Dungeon
 18268 | D:10     | Found a staircase to the Lair.
 18552 | D:10     | Noticed a hill giant
 18562 | D:10     | Reached skill level 6 in Shields
 18566 | Lair:1   | Entered Level 1 of the Lair of Beasts
 19273 | Lair:1   | Reached skill level 7 in Shields
 19315 | Lair:1   | Noticed a spiny frog
 19356 | D:10     | Reached XP level 11. HP: 53/86 MP: 11/11
 20160 | Lair:1   | Reached skill level 8 in Shields
 21573 | Lair:1   | Reached skill level 9 in Unarmed Combat
 23170 | Lair:1   | Reached skill level 10 in Unarmed Combat
 23576 | Lair:1   | Reached skill level 9 in Fighting
 24706 | Lair:2   | Reached skill level 10 in Fighting
 24706 | Lair:2   | Reached XP level 12. HP: 76/97 MP: 12/12
 24874 | Lair:2   | Noticed a five-headed hydra
 26411 | Lair:2   | Reached skill level 9 in Shields
 27957 | Lair:3   | Found a labyrinth entrance.
 27967 | Lab      | Entered a labyrinth
 28307 | Lab      | Noticed a minotaur
 28664 | Lair:2   | HP: 9/97 [iguana (6)]
 28716 | Lair:2   | Slain by a spiny frog

Vanquished Creatures
  3 black mambas (Lair:2)
  8 spiny frogs
  3 komodo dragons
  A merfolk (D:9)
  36 yaks
  A wyvern (Lair:1)
  4 hippogriffs
  A hungry ghost (D:9)
  A wolf (Lair:2)
  8 water moccasins
  4 orc warriors
  9 porcupines
  5 sky beasts
  4 ice beasts
  A black bear (D:8)
  2 eyes of draining
  A phantom (D:8)
  3 ogres
  3 centaurs
  6 crocodiles
  2 big kobolds (D:9)
  10 giant frogs
  3 gnoll sergeants
  Dowan (D:5)
  4 scorpions
  26 killer bees
  A water moccasin skeleton (D:7)
  An electric eel (Lair:1)
  3 howler monkeys
  7 crimson imps
  2 jellies
  A centaur zombie (Ossuary)
  A giant frog zombie (D:9)
  A quasit (D:8)
  3 hounds
  2 giant frog skeletons
  9 orc priests
  5 orc wizards
  A gnoll shaman (D:6)
  12 iguanas
  8 worker ants
  A killer bee zombie (D:10)
  3 big kobold zombies (Ossuary)
  2 hound skeletons
  4 mummies (Ossuary)
  7 adders
  33 gnolls
  22 river rats
  A shadow imp (D:10)
  An ooze (D:6)
  An adder zombie (D:5)
  3 adder skeletons
  7 worms
  A dart slug (D:3)
  8 giant geckos
  44 orcs
  5 bats
  8 giant cockroaches
  12 goblins
  11 hobgoblins
  9 jackals
  24 kobolds
  3 quokkas
  3 ball pythons
  7 giant newts
  5 hobgoblin zombies (Ossuary)
  A jackal zombie (D:5)
  A quokka skeleton (D:4)
  2 quokka zombies
  12 rats
448 creatures vanquished.

Vanquished Creatures (others)
  A big kobold zombie (Ossuary)
  2 fungi (Lair:2)
  A plant (Lair:2)
4 creatures vanquished.

Grand Total: 452 creatures vanquished
